 Dungeon Crawl Stone Soup version 0.17.2 (webtiles) character file.

418494 Miyamura the Bludgeoner (level 22, -4/224 HPs)
             Began as a Troll Monk on July 10, 2016.
             Was the Champion of Cheibriados.
             Slain by an ettin
             ... wielding a +0 dire flail
              (29 damage)
             ... on level 2 of the Depths on July 11, 2016.
             The game lasted 03:38:02 (60903 turns).

Miyamura the Bludgeoner (Troll Monk)               Turns: 60903, Time: 03:38:02

Health: -4/224     AC: 21    Str: 37    XL:     22   Next: 60%
Magic:  29/31      EV: 23    Int: 50    God:    Cheibriados [******]
Gold:   1223       SH: 18    Dex: 25    Spells: 6 memorised, 9 levels left

rFire  + + .     SeeInvis .     q - +8 autumn katana {slice, Clar}
rCold  + + +     Clarity  +     L - +4 faerie dragon armour {rElec rC+ rN+++ Stlth-}
rNeg   + + +     SustAt   +     e - +3 shield "Hiceijana" {rF+ Int+2}
rPois  +         Gourm    +     N - +1 hat "Qanohiss" {*Confuse MR+ Int+6}
rElec  +         Spirit   .     z - +3 cloak of Qayde {+Blink rC+ rN+}
rCorr  .         Warding  +     (gloves unavailable)
rMut   .         Stasis   .     (boots unavailable)
MR     +++..                    K - amulet "Bojoh" {Ward +Fly rPois rC+ rN+ MR+}
Stlth  ++........               l - ring of Charity {rF+ rN+ Int+3 Slay+5 Stlth+}
                                w - ring of Efuckonn {SustAt rPois Str-5 Int+11 Dex-2}

@: very slow, extremely resistant to hostile enchantments, unstealthy
A: unfitting armour, claws 3, fast metabolism 3, gourmand, regeneration 2,
shaggy fur 1, strong 1, tough skin 2
a: Bend Time, Temporal Distortion, Slouch, Step From Time, Renounce Religion,
Evoke Blink, Evoke Flight
}: 2/15 runes: decaying, serpentine


You were on level 2 of the Depths.
You worshipped Cheibriados.
Cheibriados was exalted by your worship.
You were completely stuffed.

You visited 9 branches of the dungeon, and saw 45 of its levels.
You also visited: Labyrinth, Sewer, Volcano and Wizlab.

You collected 5831 gold pieces.
You spent 4608 gold pieces at shops.

Inventory:

Hand Weapons
 q - the +8 autumn katana (weapon) {slice, Clar}
   (You found it on level 12 of the Dungeon)

   It inflicts extra damage upon your enemies.
   It protects you against confusion.
 t - the +6 shillelagh "Devastator" {shatter}
   (You acquired it on level 1 of the Vaults)
 u - a +9 eveningstar of protection
Missiles
 A - 3 throwing nets
 W - 72 large rocks (quivered)
Armour
 e - the +3 shield "Hiceijana" (worn) {rF+ Int+2}
   (You found it on level 8 of the Dungeon)

   It affects your intelligence (+2).
   It protects you from fire.
 z - the +3 cloak of Qayde (worn) {+Blink rC+ rN+}
   (Okawaru gifted it to you on level 5 of the Lair of Beasts)

   It protects you from cold.
   It protects you from negative energy.
   It lets you blink.
 L - the +4 faerie dragon armour (worn) {rElec rC+ rN+++ Stlth-}
   (You took it off the Enchantress on level 15 of the Dungeon)

   It protects you from cold.
   It insulates you from electricity.
   It renders you almost immune to negative energy.
   It makes you less stealthy.
 N - the +1 hat "Qanohiss" (worn) {*Confuse MR+ Int+6}
   (Okawaru gifted it to you on level 3 of the Elven Halls)

   It affects your intelligence (+6).
   It affects your resistance to hostile enchantments.
   It may confuse you when you take damage.
Jewellery
 a - an uncursed amulet of resist mutation
 c - an uncursed amulet of resist corrosion
 k - an uncursed ring of teleportation
 l - the ring of Charity (right claw) {rF+ rN+ Int+3 Slay+5 Stlth+}
   (You took it off a red devil on level 8 of the Lair of Beasts)

   [ring of stealth]

   It affects your intelligence (+3).
   It affects your accuracy and damage with ranged weapons and melee attacks
   (+5).
   It protects you from fire.
   It protects you from negative energy.
   It makes you more stealthy.
 w - the ring of Efuckonn (left claw) {SustAt rPois Str-5 Int+11 Dex-2}
   (You bought it in a shop on level 4 of the Orcish Mines)

   [ring of sustain attributes]

   It sustains your strength, intelligence and dexterity.
   It affects your strength (-5).
   It affects your intelligence (+11).
   It affects your dexterity (-2).
   It protects you from poison.
 G - an uncursed ring of protection from cold
 I - an uncursed ring of see invisible
 K - the amulet "Bojoh" (around neck) {Ward +Fly rPois rC+ rN+ MR+}
   (You found it on level 9 of the Dungeon)

   [amulet of warding]

   It may prevent the melee attacks of summoned creatures.
   It protects you from cold.
   It protects you from poison.
   It protects you from negative energy.
   It affects your resistance to hostile enchantments.
   It lets you fly.
Wands
 v - a wand of fire (11)
 B - a wand of draining (7)
 J - a wand of digging (10)
 R - a wand of cold (0)
 S - a wand of fire (1)
Scrolls
 b - 3 scrolls of identify
 d - 5 scrolls of enchant weapon
 h - a scroll of blinking
 j - 4 scrolls of summoning
 m - 7 scrolls of immolation
 o - 21 scrolls of remove curse
 p - 12 scrolls of recharging
 x - 3 scrolls of fear
 y - 6 scrolls of magic mapping
 E - 3 scrolls of teleportation
 F - 6 scrolls of fog
 T - 7 scrolls of amnesia
Potions
 f - 3 potions of might
 g - 10 potions of brilliance
 i - 6 potions of resistance
 n - 7 potions of flight
 r - 5 potions of agility
 C - a potion of heal wounds
 D - 5 potions of magic
 H - 3 potions of invisibility
 O - 3 potions of ambrosia
 U - a potion of cancellation
Comestibles
 s - 24 meat rations
 M - 11 chunks of flesh
 P - 23 fruits
 Q - a slice of pizza
 V - 7 bread rations


   Skills:
 - Level 14.3 Fighting
 + Level 9.2 Long Blades
 - Level 16.8 Maces & Flails
 - Level 10.1 Armour
 - Level 13.1 Dodging
 - Level 1.1 Stealth
 - Level 11.8 Shields
 - Level 5.9 Unarmed Combat
 - Level 7.2 Spellcasting
 - Level 8.1 Necromancy
 - Level 4.6 Transmutations
 - Level 5.6 Earth Magic
 - Level 12.3 Invocations
 - Level 4.4 Evocations


You had 9 spell levels left.
You knew the following spells:

 Your Spells              Type           Power        Failure   Level  Hunger
b - Blink                 Tloc           N/A          1%          2    None
d - Dispel Undead         Necr           #######.     1%          5    ##.....
n - Necromutation         Trmt/Necr      ######....   100%        8    #######
r - Regeneration          Chrm/Necr      ######....   1%          3    None
s - Statue Form           Trmt/Erth      ######...    30%         6    ####...
t - Stoneskin             Trmt/Erth      ######..     1%          2    None


Dungeon Overview and Level Annotations

Branches:
Dungeon (15/15)            Temple (1/1) D:6            Lair (8/8) D:9
  Swamp (4/4) Lair:3        Snake (4/4) Lair:6        Slime (0/6) Lair:7
    Orc (4/4) D:12            Elf (3/3) Orc:4        Vaults (4/5) D:13
  Crypt (0/3) Vaults:3     Depths (2/5) D:15

Altars:
Ashenzari
Cheibriados
Dithmenos
Elyvilon
Fedhas
Gozag
Kikubaaqudgha
Makhleb
Nemelex Xobeh
Okawaru
Qazlal
Ru
Sif Muna
Trog
Vehumet
Xom
Yredelemnul
Zin
The Shining One
Beogh
Lugonu

Shops:
D:7 **:[(   D:11 (   D:14 ![(*}   Orc:3 =   Orc:4 %:=*(*?   Vaults:1 ?
Vaults:2 *

Portals:
Hell: Lair:8 Depths:1 Depths:2
Abyss: Depths:1
Ziggurat: Depths:1

Annotations:
Elf:3 exclusion: orc sorcerer


Innate Abilities, Weirdness & Mutations

You are too large for most types of armour.
You have claws for hands.
Your metabolism is lightning-fast.
You like to eat raw meat.
You heal very quickly.
You are covered in fur (AC +1).
You have very tough skin (AC +2).
Your muscles are strong. (Str +2)


Message History

You kill the yaktaur captain!
Cheibriados appreciates the change of pace.
The ettin closely misses you. The ettin hits you with a dire flail.
* * * LOW HITPOINT WARNING * * *
The ettin closely misses you. The ettin misses you.
Found 26 gold pieces.
Things that are here:
an uncursed arbalest; 13 bolts; a yaktaur corpse You hit the ettin but do no damage.
The ettin is lightly wounded.
The ettin hits you with a dire flail!!
* * * LOW HITPOINT WARNING * * *
The ettin hits you with a dire flail!
* * * LOW HITPOINT WARNING * * *
You slash the ettin!
The ettin is moderately wounded.
You slash the ettin!
The ettin is heavily wounded.
You block the ettin's attack. The ettin hits you with a dire flail!!
You die...

######## #......##
##'''##..#######
##.....##.......####
#.......#######....#
#.......#.....####.#
#.......†@.......#.#######
#......((C.......#........
#.......#).......#########
#.......#........ #
#.......#........ #
#.......#.......$
#.......#........
#.......#........
#.......#....... ####


You could see an ettin.

Vanquished Creatures
  Mara (Swamp:3)
  An ancient lich (WizLab)
  the Lernaean hydra (Swamp:4)
  Margery (Vaults:4)
  the Enchantress (D:15)
  A lich (Vaults:4)
  Jorgrun (Vaults:4)
  Asterion (Depths:2)
  6 deep elf blademasters
  7 titans
  6 deep elf master archers
  Frances (D:12)
  Kirke (D:13)
  An ancient champion (WizLab)
  3 thorn hunters
  10 greater nagas
  Wiglaf (Depths:2)
  8 vault wardens (Vaults:4)
  13 fire giants
  2 orc warlords
  5 deep elf sorcerers
  Aizul (Depths:1)
  Louise (Snake:1)
  7 frost giants
  8 ironheart preservers
  3 spriggan defenders (D:15)
  23 stone giants
  5 very ugly things
  A vampire knight (Vaults:3)
  4 large abominations
  A black draconian (Vaults:4)
  A green draconian (Vaults:1)
  3 dire elephants
  The ghost of emiel the Bludgeoner, a journeyman OgBe of Trog (Orc:4)
  The ghost of Goblin1989 the Martial Artist, a journeyman DsGl of Gozag (Lair:5)
  10 deep elf demonologists
  A purple draconian (Vaults:4)
  A red draconian (Vaults:4)
  11 deep elf annihilators
  2 salamander stormcallers
  A white draconian (Vaults:3)
  The ghost of emiel the Grappler, a journeyman TrWz of Cheibriados (D:15)
  Snorg (Lair:7)
  An eidolon (Vaults:3)
  3 merfolk javelineers
  2 merfolk impalers
  An ettin (shapeshifter) (Vaults:4)
  7 ettins
  4 fire dragons
  6 yaktaur captains
  6 deep elf death magi
  4 minotaurs
  18 ogre magi
  Josephine (D:13)
  2 jiangshi (Depths:1)
  A vault guard (Vaults:4)
  3 deep elf high priests
  4 great orbs of eyes
  A ghost crab (Swamp:3)
  The ghost of emiel the Arsonist, a journeyman DEFE of Sif Muna (D:15)
  2 spriggan air magi
  3 rakshasas
  28 hydras
  17 naga warriors
  The ghost of Goblin1989 the Martial Artist, a journeyman DsMo of Ru (Lair:1)
  8 ice dragons
  An entropy weaver (Depths:2)
  A hell beast (Lair:8)
  A hydra (shapeshifter) (Vaults:2)
  A catoblepas (Lair:7)
  Erica (D:10)
  12 centaur warriors
  8 alligators
  7 anacondas
  14 dancing weapons (Elf:2)
  3 tengu warriors
  2 deep troll earth magi
  2 vampire magi (Depths:1)
  5 death yaks (Lair:3)
  2 spriggan berserkers (D:15)
  10 orc high priests
  3 deep troll shamans
  16 naga sharpshooters
  Sonja (Lair:1)
  19 deep elf knights
  8 shock serpents
  A shadow wraith (Vaults:2)
  7 skeletal warriors (WizLab)
  2 giant orange brains (Depths:2)
  A fire crab (Vaults:4)
  5 hell knights (Vaults:4)
  2 salamander mystics (Snake:3)
  A spriggan druid (Swamp:3)
  A flayed ghost (Depths:1)
  4 shambling mangroves
  8 wizards
  7 deep trolls
  A lindwurm (shapeshifter) (Vaults:2)
  7 naga ritualists
  6 unseen horrors
  10 deep elf summoners
  8 ironbrand convokers
  9 orc knights
  A tengu zombie (Vaults:4)
  A harpy (shapeshifter) (Depths:1)
  7 swamp dragons
  9 necromancers
  6 griffons
  7 hill giants
  13 deep elf conjurers
  5 cyclopes
  2 phantasmal warriors
  5 harpies (Vaults:2)
  49 ugly things
  4 orc sorcerers
  7 wolf spiders
  4 hornets
  14 mana vipers
  A frost giant zombie (Vaults:3)
  8 salamanders
  38 black mambas
  A hornet (shapeshifter) (Vaults:2)
  2 black mambas (shapeshifter)
  22 naga magi
  19 elephants
  3 guardian serpents
  3 manticores
  A frost giant skeleton (Vaults:3)
  An octopode (shapeshifter) (Vaults:4)
  A molten gargoyle (Volcano)
  14 vault sentinels
  A fire giant skeleton (Vaults:3)
  2 gargoyles (Volcano)
  A centaur skeleton (D:11)
  A spiny frog (shapeshifter) (Elf:1)
  5 kobold demonologists
  5 orange demons (Lair:8)
  5 komodo dragons
  21 spiny frogs
  6 fire drakes
  4 freezing wraiths
  2 blue devils (Lair:8)
  2 minotaur zombies (Lab)
  36 yaktaurs
  13 deep elf priests
  A queen bee (Orc:3)
  A tengu conjurer (Depths:1)
  A hellwing (Lair:8)
  8 trolls
  14 merfolk
  2 red devils (Lair:8)
  A troll (shapeshifter) (Vaults:4)
  A polar bear (shapeshifter) (Elf:2)
  24 two-headed ogres
  9 boulder beetles
  2 blink frogs (shapeshifter)
  A polar bear (Lair:7)
  2 raiju (shapeshifter)
  24 slime creatures
  12 giant leeches
  13 blink frogs
  An ettin zombie (Vaults:4)
  14 bog bodies
  4 vampires (WizLab)
  3 tarantellas
  A trapdoor spider (Lab)
  13 spriggans
  Sigmund (D:4)
  9 shadows
  A trapdoor spider (shapeshifter) (Elf:3)
  A stone giant simulacrum (Depths:2)
  5 hill giant zombies (WizLab)
  A human (shapeshifter) (Vaults:3)
  7 redbacks
  A yak (shapeshifter) (Vaults:4)
  35 deep elf magi
  2 ettin skeletons (Vaults:4)
  A water elemental (Depths:1)
  2 basilisks
  42 yaks
  38 deep elf fighters
  6 hungry ghosts
  27 wolves
  A fire elemental (Volcano)
  Grum (D:8)
  6 wraiths
  3 hogs (D:13)
  59 nagas
  3 wyverns
  An elf simulacrum (Depths:2)
  3 mottled dragons
  7 hippogriffs
  16 vampire mosquitoes
  A hog (shapeshifter) (Vaults:1)
  3 chaos spawn (Depths:1)
  Edmund (D:4)
  28 insubstantial wisps
  12 swamp worms
  9 wargs
  9 porcupines
  A hell hound (Lair:8)
  18 water moccasins
  A sky beast (D:14)
  Duvessa (D:4)
  8 spiders (D:15)
  19 swamp drakes
  3 ice beasts
  An ettin simulacrum (Depths:2)
  A yaktaur simulacrum (Vaults:2)
  A necrophage (D:8)
  An eye of draining (shapeshifter) (Elf:2)
  30 centaurs
  3 phantoms
  A human zombie (Vaults:3)
  49 orc warriors
  18 wasps
  18 crocodiles
  4 big kobolds
  4 brain worms (Depths:1)
  26 giant frogs
  69 ogres
  Dowan (D:4)
  A human skeleton (Vaults:4)
  A scorpion (shapeshifter) (Vaults:2)
  A wyvern skeleton (D:6)
  46 killer bees
  10 troll zombies
  8 scorpions
  10 wights
  3 electric eels (D:14)
  6 crimson imps
  53 orc priests
  2 giant frog zombies
  2 human simulacra
  A quasit (D:7)
  2 centaur zombies
  A wasp zombie (D:9)
  Crazy Yiuf (D:2)
  3 jellies
  4 giant frog skeletons
  4 small abominations (Depths:1)
  4 worker ants
  8 iguanas
  31 orc wizards
  6 hounds
  17 sheep
  A polar bear simulacrum (Lair:2)
  6 wolf simulacra (Lair:2)
  8 ogre zombies
  2 hound skeletons
  4 gnolls (D:4)
  58 river rats
  24 adders
  4 shadow imps
  3 oozes
  An adder skeleton (D:8)
  An adder zombie (D:9)
  4 worms
  6 giant geckos
  196 orcs
  12 goblins
  14 hobgoblins
  12 jackals
  19 kobolds
  4 quokkas
  15 ball pythons
  A ball python skeleton (D:4)
  A bat (D:2)
  3 giant cockroaches
  6 giant newts
  2 goblin skeletons (D:12)
  3 goblin zombies (D:12)
  A hobgoblin skeleton (D:12)
  2 hobgoblin zombies (D:12)
  3 orc skeletons (D:12)
  14 orc zombies (D:12)
  28 rats
  4 river rat simulacra (Lair:2)
  A crawling corpse (Elf:1)
  2 fungi (Elf:2)
  2 plants (D:10)
2297 creatures vanquished.

Vanquished Creatures (others)
  An eldritch tentacle (Vaults:4)
  A deep elf high priest (Elf:3)
  An alligator (Swamp:4)
  2 ugly things (Vaults:2)
  A yaktaur (Depths:1)
  A jumping spider (Depths:2)
  A fire giant simulacrum (Vaults:3)
  A centaur (Vaults:4)
  2 ogres (Depths:2)
  A killer bee (D:14)
  An adder (Snake:2)
  3 orcs (D:13)
  A ball python (Snake:2)
  A briar patch (Swamp:4)
  49 eldritch tentacle segments (Vaults:4)
  24 fungi
  22 plants
  5 toadstools (Swamp:1)
118 creatures vanquished.

Grand Total: 2415 creatures vanquished

Notes
Turn   | Place    | Note
--------------------------------------------------------------
     0 | D:1      | Miyamura the Troll Monk began the quest for the Orb.
     0 | D:1      | Reached XP level 1. HP: 22/22 MP: 0/0
   392 | D:1      | Reached XP level 2. HP: 29/29 MP: 1/1
   997 | D:2      | Reached XP level 3. HP: 27/37 MP: 2/2
  1139 | D:2      | Reached skill level 1 in Maces & Flails
  1406 | D:2      | Reached XP level 4. HP: 42/45 MP: 3/3
  1418 | D:2      | Noticed Crazy Yiuf
  1429 | D:2      | Killed Crazy Yiuf
  2258 | D:4      | Reached XP level 5. HP: 53/53 MP: 4/4
  2313 | D:4      | Got a jewelled hand axe
  2425 | D:4      | Found a glowing drain.
  2429 | Sewer    | Entered a sewer
  2702 | Sewer    | Reached XP level 6. HP: 59/62 MP: 5/5
  2811 | Sewer    | Reached skill level 5 in Unarmed Combat
  2916 | D:4      | Noticed an ogre
  2920 | D:4      | Noticed Duvessa
  2924 | D:4      | Noticed Dowan
  2924 | D:4      | Killed an ogre
  2924 | D:4      | Reached XP level 7. HP: 53/70 MP: 6/6
  2938 | D:4      | Killed Duvessa
  2948 | D:4      | Killed Dowan
  3411 | D:4      | Noticed an ogre
  3418 | D:4      | Killed an ogre
  3517 | D:4      | Noticed Edmund
  3535 | D:4      | Killed Edmund
  3540 | D:4      | Identified the +8 hand axe "Ficotota" {chop, Int+4} (You found it on level 4 of the Dungeon)
  3555 | D:4      | Noticed Sigmund
  3565 | D:4      | Killed Sigmund
  3565 | D:4      | Reached XP level 8. HP: 73/79 MP: 7/7
  3816 | D:4      | Reached skill level 5 in Fighting
  3903 | D:5      | Entered Level 5 of the Dungeon
  4331 | D:5      | Found a deep blue altar of Sif Muna.
  4530 | D:5      | Reached skill level 5 in Maces & Flails
  4530 | D:5      | Reached skill level 5 in Dodging
  4639 | D:6      | Found an opulent altar of Gozag.
  4694 | D:6      | Found a staircase to the Ecumenical Temple.
  4707 | Temple   | Entered the Ecumenical Temple
  4750 | Temple   | Became a worshipper of Warmaster Okawaru
  4750 | Temple   | Reached * piety under Okawaru
  4750 | Temple   | Reached ** piety under Okawaru
  5548 | D:7      | Found Zobb's Book Boutique.
  5551 | D:7      | Found Alodwuez's Weapon Shop.
  5557 | D:7      | Reached skill level 6 in Maces & Flails
  5572 | D:7      | Found a radiant altar of Vehumet.
  5605 | D:7      | Found Bevvak's Assorted Antiques.
  5613 | D:7      | Bought a coppery potion for 20 gold pieces
  5613 | D:7      | Bought a scroll of identify for 46 gold pieces
  5613 | D:7      | Bought a scroll of identify for 46 gold pieces
  5613 | D:7      | Bought a scroll of identify for 46 gold pieces
  5613 | D:7      | Bought a bronze ring for 115 gold pieces
  5723 | D:7      | Reached XP level 9. HP: 86/89 MP: 8/8
  5731 | D:7      | Found a glowing silver altar of Zin.
  5799 | D:7      | Found Deekludghoa's Antique Armour Shop.
  5846 | D:7      | Bought a glowing hat for 80 gold pieces
  5959 | D:7      | Found Lyludext's General Store.
  5960 | D:7      | Found a snail-covered altar of Cheibriados.
  5966 | D:7      | Bought a scroll of noise for 14 gold pieces
  6181 | D:7      | Found a stormy altar of Qazlal.
  6181 | D:7      | Found a shadowy altar of Dithmenos.
  6355 | D:7      | Found an ancient bone altar of Kikubaaqudgha.
  6534 | D:8      | Reached skill level 7 in Maces & Flails
  6592 | D:8      | Reached *** piety under Okawaru
  6645 | D:8      | Found a bloodstained altar of Trog.
  6672 | D:8      | Found a burning altar of Makhleb.
  6672 | D:8      | Noticed a balrug
  6675 | D:8      | Noticed a hellwing
  6675 | D:8      | Noticed a smoke demon
  6702 | D:8      | Noticed Grum
  6909 | D:8      | Reached skill level 8 in Maces & Flails
  6921 | D:8      | Killed Grum
  6990 | D:8      | Got a bloodstained shield
  6996 | D:8      | Identified the +3 shield "Hiceijana" {rF+ Int+2} (You found it on level 8 of the Dungeon)
  7178 | D:9      | Reached XP level 10. HP: 91/100 MP: 9/9
  7367 | D:9      | Found a staircase to the Lair.
  7368 | D:9      | Noticed a komodo dragon
  7426 | D:9      | Killed a komodo dragon
  7426 | D:9      | Reached **** piety under Okawaru
  7666 | D:9      | Found a shimmering altar of Xom.
  7666 | D:9      | Found a shimmering altar of Xom.
  7666 | D:9      | Found a shimmering altar of Xom.
  7666 | D:9      | Found a shimmering altar of Xom.
  7666 | D:9      | Found a shimmering altar of Xom.
  7667 | D:9      | Found a shimmering altar of Xom.
  7667 | D:9      | Found a shimmering altar of Xom.
  7667 | D:9      | Found a shimmering altar of Xom.
  7668 | D:9      | Got an ancient golden amulet
  7670 | D:9      | Identified the amulet "Bojoh" {Ward +Fly rPois rC+ rN+ MR+} (You found it on level 9 of the Dungeon)
  7672 | D:9      | Found a shimmering altar of Xom.
  7672 | D:9      | Found a shimmering altar of Xom.
  7748 | D:9      | Reached skill level 1 in Shields
  8006 | D:9      | Found a shattered altar of Ashenzari.
  8311 | D:10     | Entered Level 10 of the Dungeon
  8341 | D:10     | Reached skill level 9 in Maces & Flails
  8468 | D:10     | Noticed Erica
  8499 | D:10     | Killed Erica
  8854 | D:10     | Reached ***** piety under Okawaru
  9420 | D:10     | Reached XP level 11. HP: 109/109 MP: 10/10
  9582 | Lair:1   | Entered Level 1 of the Lair of Beasts
  9592 | Lair:1   | Reached skill level 10 in Maces & Flails
  9611 | Lair:1   | Found a labyrinth entrance.
  9627 | Lab      | Entered a labyrinth
  9875 | Lab      | Received a gift from Okawaru
 10031 | Lab      | Noticed a minotaur
 10057 | Lab      | Killed a minotaur
 10574 | Lair:1   | Noticed Goblin1989's ghost (journeyman DsMo)
 10609 | Lair:1   | Killed Goblin1989's ghost
 10805 | Lair:1   | Got a brightly glowing amber ring
 10807 | Lair:1   | Identified the ring of Vebriac {+Blink rPois rC- rN+ Slay+2} (You found it on level 1 of the Lair of Beasts)
 10862 | Lair:1   | Noticed an eight-headed hydra
 10993 | Lair:1   | Killed an eight-headed hydra
 10993 | Lair:1   | Reached skill level 11 in Maces & Flails
 10995 | Lair:1   | Noticed Sonja
 10998 | Lair:1   | Killed Sonja
 11670 | Lair:2   | Got an ivory rapier
 11689 | Lair:2   | Received a gift from Okawaru
 11689 | Lair:2   | Reached XP level 12. HP: 88/122 MP: 11/11
 12205 | Lair:2   | Reached skill level 5 in Shields
 12639 | Lair:2   | Noticed a necromancer
 12674 | Lair:2   | Killed a necromancer
 13164 | Lair:3   | Found a staircase to the Swamp.
 13414 | Lair:3   | Reached skill level 12 in Maces & Flails
 13432 | Lair:3   | Received a gift from Okawaru
 13650 | Lair:3   | You fall through a shaft for 3 floors!
 13651 | Lair:6   | Found a dark tunnel.
 13660 | Volcano  | Entered a volcano
 13915 | Lair:6   | Noticed an eight-headed hydra
 13923 | Lair:6   | Killed an eight-headed hydra
 13966 | Lair:6   | Reached ****** piety under Okawaru
 14477 | Lair:4   | Identified the +9 rapier "Maohacad" {antimagic, +Fly MP-9 Int+2} (You found it on level 2 of the Lair of Beasts)
 14535 | Lair:4   | Noticed an eight-headed hydra
 14621 | Lair:4   | Noticed a five-headed hydra
 14636 | Lair:3   | Killed a five-headed hydra
 15029 | Lair:4   | Killed an eight-headed hydra
 15123 | Lair:5   | Noticed a four-headed hydra
 15135 | Lair:5   | Killed a four-headed hydra
 15303 | Lair:5   | Reached XP level 13. HP: 124/131 MP: 12/12
 15402 | Lair:5   | Noticed Goblin1989's ghost (journeyman DsGl)
 15984 | Lair:5   | Killed Goblin1989's ghost
 16095 | Lair:5   | Received a gift from Okawaru
 16095 | Lair:5   | Reached skill level 13 in Maces & Flails
 16112 | Lair:5   | Got a shimmering cloak {god gift}
 16123 | Lair:5   | Identified the +3 cloak of Qayde {+Blink rC+ rN+} (Okawaru gifted it to you on level 5 of the Lair of Beasts)
 16147 | Lair:5   | Noticed a dire elephant
 16204 | Lair:5   | Killed a dire elephant
 16933 | Lair:6   | Noticed a four-headed hydra
 16961 | Lair:5   | Killed a four-headed hydra
 17529 | Lair:6   | Found a staircase to the Snake Pit.
 17680 | Lair:6   | Reached skill level 10 in Fighting
 18283 | Lair:7   | Received a gift from Okawaru
 18286 | Lair:7   | Got a brightly glowing demon whip {god gift}
 18287 | Lair:7   | Identified the +5 demon whip "Ultimatum" {pain, +Rage Int+3 Stlth+} (Okawaru gifted it to you on level 7 of the Lair of Beasts)
 18379 | Lair:7   | Found an iron altar of Okawaru.
 18381 | Lair:7   | Noticed Snorg
 18398 | Lair:7   | Killed Snorg
 18657 | Lair:7   | Found a staircase to the Slime Pits.
 18809 | Lair:7   | Reached skill level 1 in Evocations
 18890 | Lair:7   | Gained mutation: Your muscles are strong. (Str +2) [potion of beneficial mutation]
 19029 | Lair:7   | Got an ancient glaive
 19133 | Lair:8   | Entered Level 8 of the Lair of Beasts
 19246 | Lair:7   | Reached XP level 14. HP: 141/143 MP: 13/13
 19455 | Lair:8   | Reached skill level 14 in Maces & Flails
 19744 | Lair:8   | Reached skill level 10 in Dodging
 20044 | Lair:8   | Received a gift from Okawaru
 20232 | Lair:8   | Noticed a dire elephant
 20250 | Lair:8   | Killed a dire elephant
 20335 | Lair:8   | Noticed a dire elephant
 20358 | Lair:8   | Killed a dire elephant
 20388 | Lair:8   | Found a burning altar of Makhleb.
 20500 | Lair:8   | Found a gateway to Hell.
 20570 | Lair:8   | Got a heavily runed platinum ring
 20632 | Lair:8   | Identified the ring of Charity {rF+ rN+ Int+3 Slay+5 Stlth+} (You took it off a red devil on level 8 of the Lair of Beasts)
 21002 | Lair:1   | Identified the +5 glaive of Asoal {chop, rPois} (You found it on level 7 of the Lair of Beasts)
 21302 | D:11     | Found Fysir's Weapon Shoppe.
 21484 | D:11     | Found a sacrificial altar of Ru.
 21619 | D:12     | Noticed Frances
 21635 | D:12     | Killed Frances
 21684 | D:12     | Found a basalt altar of Yredelemnul.
 21766 | D:12     | Found a staircase to the Orcish Mines.
 22075 | D:12     | Found a stormy altar of Qazlal.
 22407 | Orc:1    | Entered Level 1 of the Orcish Mines
 23106 | Orc:3    | Found a roughly hewn altar of Beogh.
 23194 | Orc:3    | Found Vedath's Jewellery Boutique.
 23331 | Orc:3    | Found a roughly hewn altar of Beogh.
 23400 | Orc:3    | Bought a cursed ring of loudness for 67 gold pieces
 23400 | Orc:3    | Bought a cursed -2 ring of intelligence for 30 gold pieces
 23400 | Orc:3    | Bought an uncursed ring of see invisible for 225 gold pieces
 23887 | Orc:3    | Received a gift from Okawaru
 24578 | Orc:4    | Entered Level 4 of the Orcish Mines
 24581 | Orc:4    | Found Qomisug's Magic Scroll Shop.
 24581 | Orc:4    | Noticed emiel's ghost (journeyman OgBe)
 24616 | Orc:4    | Killed emiel's ghost
 24616 | Orc:4    | Reached XP level 15. HP: 100/154 MP: 16/16
 24685 | Orc:4    | Bought a scroll of teleportation for 36 gold pieces
 24685 | Orc:4    | Bought a scroll of identify for 24 gold pieces
 24685 | Orc:4    | Bought a scroll of enchant armour for 90 gold pieces
 24685 | Orc:4    | Bought a scroll of identify for 24 gold pieces
 24685 | Orc:4    | Bought a scroll of identify for 24 gold pieces
 24685 | Orc:4    | Bought a scroll of identify for 24 gold pieces
 24723 | Orc:4    | Found Zufruon's Antique Weapon Emporium.
 24725 | Orc:4    | Found Vemuemuf's General Store.
 24753 | Orc:4    | Bought a scroll of identify for 28 gold pieces
 24755 | Orc:4    | Bought a polished quarterstaff for 315 gold pieces
 24756 | Orc:4    | Identified the cursed +3 quarterstaff "Qumnac" {crush, MR+++} (You bought it in a shop on level 4 of the Orcish Mines)
 25266 | Orc:4    | Found Tirphes's Food Shoppe.
 25518 | Orc:4    | Found a staircase to the Elven Halls.
 25668 | Orc:4    | Found Edigyet's Jewellery Shoppe.
 25668 | Orc:4    | Found Hyosu's General Store.
 25755 | Orc:4    | Found a roughly hewn altar of Beogh.
 25794 | Orc:4    | Found Gukus's Book Boutique.
 25993 | D:13     | Noticed Josephine
 26011 | D:13     | Killed Josephine
 26121 | D:13     | Found a gate to the Vaults.
 26192 | D:13     | Noticed Kirke
 26249 | D:13     | Killed Kirke
 26313 | D:13     | Learned a level 3 spell: Regeneration
 26986 | D:13     | Reached skill level 1 in Necromancy
 27171 | D:14     | Reached skill level 1 in Spellcasting
 27276 | D:14     | Found Zueten's Gadget Shoppe.
 27343 | D:14     | Received a gift from Okawaru
 27384 | D:14     | Got a faintly humming robe {god gift}
 27389 | D:14     | Identified the +1 robe of the Empire {rElec rPois MP+9} (Okawaru gifted it to you on level 14 of the Dungeon)
 27454 | D:14     | Found Xaihadoo's Distillery.
 27620 | D:14     | Found Ipomo's Assorted Antiques.
 27629 | D:14     | Bought a scroll of blinking for 195 gold pieces
 27971 | D:14     | Bought a potion of heal wounds for 60 gold pieces
 27971 | D:14     | Bought a potion of heal wounds for 60 gold pieces
 27971 | D:14     | Bought a potion of resistance for 120 gold pieces
 27971 | D:14     | Bought a potion of might for 48 gold pieces
 27971 | D:14     | Bought a potion of curing for 36 gold pieces
 27971 | D:14     | Bought a potion of curing for 36 gold pieces
 27984 | D:14     | Found Jatyb's Armour Emporium.
 28124 | D:14     | Found Tarem's Weapon Boutique.
 28455 | D:15     | Entered Level 15 of the Dungeon
 28473 | D:15     | Noticed emiel's ghost (journeyman DEFE)
 28521 | D:15     | Killed emiel's ghost
 28690 | D:15     | Noticed emiel's ghost (journeyman TrWz)
 28703 | D:15     | Killed emiel's ghost
 28842 | D:15     | Found an iron altar of Okawaru.
 29190 | D:15     | Found a staircase to the Depths.
 29741 | Snake:1  | Entered Level 1 of the Snake Pit
 29922 | Snake:1  | Reached XP level 16. HP: 64/165 MP: 8/18
 30202 | Snake:1  | Noticed Louise
 30221 | Snake:1  | Received a gift from Okawaru
 30484 | Snake:1  | Killed Louise
 30717 | Snake:2  | Reached skill level 10 in Shields
 32041 | Snake:3  | Received a gift from Okawaru
 32334 | Snake:3  | Identified a scroll of acquirement
 32428 | Snake:3  | Received a gift from Okawaru
 32562 | Snake:3  | Reached skill level 5 in Necromancy
 32615 | Snake:3  | Found a shattered altar of Ashenzari.
 33390 | Snake:3  | Reached skill level 1 in Invocations
 33470 | Snake:4  | Entered Level 4 of the Snake Pit
 33835 | Snake:4  | Reached XP level 17. HP: 168/175 MP: 22/22
 34408 | Snake:4  | Reached skill level 5 in Invocations
 34494 | Snake:4  | Received a gift from Okawaru
 34747 | Snake:4  | Got a crude robe {god gift}
 34748 | Snake:4  | Identified the +1 robe of the Trout {*Corrode +Blink rC+ Dex-4} (Okawaru gifted it to you on level 4 of the Snake Pit)
 35258 | Snake:4  | Got a serpentine rune of Zot
 35664 | Snake:1  | Received a gift from Okawaru
 35931 | D:7      | Bought a book of Geomancy for 420 gold pieces
 35935 | D:7      | Learned a level 2 spell: Stoneskin
 35966 | D:7      | Bought a warped robe for 114 gold pieces
 35966 | D:7      | Identified the cursed +1 robe "Dian" {rC+ Str+4 Int+2 Dex-2} (You bought it in a shop on level 7 of the Dungeon)
 36007 | D:7      | Bought a bread ration for 70 gold pieces
 36213 | Swamp:1  | Entered Level 1 of the Swamp
 36634 | Swamp:1  | Found a bloodstained altar of Trog.
 36759 | Swamp:1  | Reached skill level 5 in Spellcasting
 37240 | Swamp:2  | Reached skill level 15 in Maces & Flails
 37387 | Swamp:2  | Got a crude robe
 37398 | Swamp:2  | Identified the cursed +1 robe of the Eight Lies {rC+ rCorr SInv} (You found it on level 2 of the Swamp)
 37465 | Swamp:2  | Received a gift from Okawaru
 37888 | Swamp:3  | Reached XP level 18. HP: 179/185 MP: 24/24
 37902 | Swamp:3  | Noticed Mara
 37905 | Swamp:3  | Noticed Miyamura's illusion
 38031 | Swamp:3  | Noticed Miyamura's illusion
 38043 | Swamp:3  | Killed Mara
 38471 | Swamp:2  | HP: 5/185 [five-headed hydra (6)]
 38992 | Swamp:3  | Got an iridescent long sword
 38993 | Swamp:3  | Identified the +1 long sword of Bueff {freeze, *Rage +Rage Dex+5} (You found it on level 3 of the Swamp)
 39079 | Swamp:4  | Entered Level 4 of the Swamp
 39368 | Swamp:4  | Received a gift from Okawaru
 39643 | Swamp:4  | Noticed the 27-headed Lernaean hydra
 40229 | Swamp:4  | Killed the 27-headed Lernaean hydra
 40238 | Swamp:4  | Got a decaying rune of Zot
 40863 | Elf:1    | Entered Level 1 of the Elven Halls
 40884 | Elf:1    | Reached skill level 1 in Armour
 41844 | Elf:2    | Received a gift from Okawaru
 41934 | Elf:2    | Found a huge runed gate.
 41934 | Elf:2    | Found a huge runed gate.
 41935 | Elf:2    | Found a huge runed gate.
 41936 | Elf:2    | Found a huge runed gate.
 41944 | Elf:2    | Found a huge runed gate.
 42210 | Elf:2    | Got an ancient quarterstaff
 42232 | Elf:2    | Identified the +7 quarterstaff "Murmur" {crush, rPois} (You found it on level 2 of the Elven Halls)
 42624 | Elf:2    | Reached XP level 19. HP: 195/195 MP: 26/26
 42924 | Elf:2    | Reached skill level 5 in Armour
 43502 | Elf:3    | Entered Level 3 of the Elven Halls
 43682 | Elf:3    | Reached skill level 16 in Maces & Flails
 44513 | Elf:3    | Received a gift from Okawaru
 44763 | Elf:3    | Received a gift from Okawaru
 45015 | Elf:3    | Got a fine hat {god gift}
 45036 | Elf:3    | Identified the +1 hat "Qanohiss" {*Confuse MR+ Int+6} (Okawaru gifted it to you on level 3 of the Elven Halls)
 45774 | Elf:3    | Got a steaming diamond amulet
 45804 | Elf:3    | Identified the amulet "Hasyshenk" {rCorr rElec rF+ MR-} (You took it off a deep elf demonologist on level 3 of the Elven Halls)
 45808 | Elf:3    | Got a polished quarterstaff {freeze}
 45809 | Elf:3    | Identified the +0 quarterstaff of Virtue {freeze, Int-5 Dex+4} (You took it off a deep elf fighter on level 3 of the Elven Halls)
 46067 | Elf:3    | Identified the Incunabulum of Assistive Dislocation
 46071 | Elf:3    | Learned a level 2 spell: Blink
 46217 | Elf:3    | Got an ebony dire flail {distort}
 46605 | Vaults:1 | Entered Level 1 of the Vaults
 46642 | Vaults:1 | Found a magical portal.
 46673 | Vaults:1 | Found Foppiev's Magic Scroll Boutique.
 46701 | Vaults:1 | Bought a scroll of identify for 24 gold pieces
 46701 | Vaults:1 | Bought a scroll of identify for 24 gold pieces
 46701 | Vaults:1 | Bought a scroll of teleportation for 36 gold pieces
 46701 | Vaults:1 | Bought a scroll of identify for 24 gold pieces
 46701 | Vaults:1 | Bought a scroll of enchant weapon for 90 gold pieces
 46701 | Vaults:1 | Bought a scroll of teleportation for 36 gold pieces
 46701 | Vaults:1 | Bought a scroll of recharging for 114 gold pieces
 46757 | WizLab   | Entered Zonguldrok's Shrine
 47143 | WizLab   | Noticed an antique lich
 47153 | WizLab   | Killed an antique lich
 47153 | WizLab   | Received a gift from Okawaru
 47153 | WizLab   | Reached skill level 10 in Armour
 47153 | WizLab   | Reached XP level 20. HP: 166/204 MP: 19/27
 47276 | WizLab   | Learned a level 5 spell: Dispel Undead
 47775 | Vaults:1 | Reached skill level 1 in Transmutations
 47775 | Vaults:1 | Reached skill level 1 in Earth Magic
 48871 | Vaults:2 | Found Puntecs's General Store.
 48955 | Vaults:2 | Bought a potion of agility for 48 gold pieces
 48955 | Vaults:2 | Bought a scroll of identify for 24 gold pieces
 48955 | Vaults:2 | Bought 4 fruits for 72 gold pieces
 50029 | Vaults:3 | Received a gift from Okawaru
 50618 | Vaults:3 | Found a staircase to the Crypt.
 51094 | D:7      | Bought a scroll of teleportation for 69 gold pieces
 51094 | D:7      | Bought a scroll of immolation for 80 gold pieces
 51094 | D:7      | Bought a scroll of teleportation for 69 gold pieces
 51115 | D:7      | Fell from the grace of Okawaru
 51115 | D:7      | Became a worshipper of Cheibriados the Contemplative
 51392 | Orc:4    | Bought a book of the Earth for 1040 gold pieces
 51400 | Orc:4    | Learned a level 6 spell: Statue Form
 51540 | Orc:4    | Bought the ring of Efuckonn {SustAt rPois Str-5 Int+11 Dex-2} for 445 gold pieces
 51722 | Lair:1   | Learned a level 8 spell: Necromutation
 52213 | Vaults:3 | Reached * piety under Cheibriados
 52246 | Vaults:3 | Reached skill level 5 in Earth Magic
 52291 | Vaults:3 | HP: 6/206 [titan/bolt of lightning[the fury of Okawaru] (23)]
 52579 | Vaults:1 | Reached XP level 21. HP: 214/214 MP: 30/30
 52922 | Vaults:2 | Reached ** piety under Cheibriados
 53732 | Vaults:4 | Noticed Margery
 53756 | Vaults:4 | Killed Margery
 53770 | Vaults:4 | Reached *** piety under Cheibriados
 54051 | Vaults:4 | Noticed Jorgrun
 54063 | Vaults:4 | Killed Jorgrun
 54081 | Vaults:4 | Reached **** piety under Cheibriados
 55382 | Vaults:4 | Reached skill level 10 in Invocations
 55385 | Vaults:4 | Was forgiven by Okawaru
 55639 | Vaults:4 | Reached ***** piety under Cheibriados
 57782 | Depths:1 | Entered Level 1 of the Depths
 58442 | D:15     | Reached skill level 1 in Long Blades
 58564 | D:15     | Reached XP level 22. HP: 166/224 MP: 31/31
 58651 | Depths:1 | Noticed the Enchantress
 58727 | D:15     | Killed the Enchantress
 58729 | D:15     | Got a faerie dragon armour
 58863 | D:15     | Identified the +4 faerie dragon armour {rElec rC+ rN+++ Stlth-} (You took it off the Enchantress on level 15 of the Dungeon)
 59253 | Depths:1 | Got a warped turquoise ring
 59254 | Depths:1 | Identified the ring of Jealousy {+Inv MP-9 Int+3 Dex+3} (You found it on level 1 of the Depths)
 59411 | Depths:1 | Reached skill level 5 in Long Blades
 59765 | Depths:1 | Found a gateway to a ziggurat.
 60274 | Depths:1 | Found a one-way gate to the infinite horrors of the Abyss.
 60307 | Depths:1 | Reached ****** piety under Cheibriados
 60373 | Depths:2 | Noticed Asterion
 60373 | Depths:2 | Noticed Aizul
 60386 | Depths:1 | Killed Aizul
 60502 | Depths:2 | Killed Asterion
 60793 | Depths:2 | Got a scorched mace {freeze}
 60795 | Depths:2 | Identified the +4 mace of Xiavveti {freeze, rN++} (You took it off a rakshasa on level 2 of the Depths)
 60872 | Depths:2 | Noticed Wiglaf
 60888 | Depths:2 | Killed Wiglaf
 60903 | Depths:2 | Slain by an ettin

Action                   |  1- 3 |  4- 6 |  7- 9 | 10-12 | 13-15 | 16-18 | 19-21 | 22-24 || total
-------------------------+-------+-------+-------+-------+-------+-------+-------+-------++-------
Melee: Unarmed           |    63 |   206 |    68 |       |       |       |       |       ||   337
       Flail             |       |       |   353 |  1284 |   820 |       |       |       ||  2457
       Demon whip        |       |       |       |       |  2105 |  1044 |       |       ||  3149
       Eveningstar       |       |       |       |       |       |  1041 |  1443 |       ||  2484
       Shillelagh        |       |       |       |       |       |       |   690 |       ||   690
       Katana            |       |       |       |       |       |       |    43 |   497 ||   540
 Cast: Blink             |       |       |       |       |       |       |     9 |       ||     9
Invok: Heroism           |       |       |       |    10 |    11 |    15 |     5 |       ||    41
       Finesse           |       |       |       |     3 |     3 |     4 |     1 |       ||    11
       Slouch            |       |       |       |       |       |       |     5 |     5 ||    10
 Abil: Evoke Blink       |       |       |       |       |     1 |       |       |       ||     1
       Evoke Flight      |       |       |       |       |       |     1 |       |       ||     1
       Evoke Teleportati |       |       |       |       |       |       |     8 |       ||     8
Evoke: Wand              |       |       |     6 |    23 |       |     7 |    15 |       ||    51
  Use: Scroll            |       |     5 |    13 |    21 |    21 |    15 |    37 |     1 ||   113
       Potion            |       |     1 |     3 |       |     9 |    10 |    18 |       ||    41
 Stab: Sleeping          |     2 |     2 |     6 |     8 |    28 |    13 |     3 |       ||    62
       Distracted        |       |       |       |       |     3 |     3 |     5 |       ||    11
       Confused          |       |       |       |       |       |     2 |       |       ||     2
       Invisible         |       |       |       |       |       |     1 |       |       ||     1
  Eat: Chunk             |    18 |    15 |    40 |    76 |   143 |   109 |   127 |    14 ||   542
       Pizza             |       |       |       |     2 |       |     6 |       |       ||     8
       Meat ration       |       |       |       |     2 |       |       |       |       ||     2
       Royal jelly       |       |       |       |     1 |       |     1 |     1 |       ||     3
       Fruit             |       |       |       |     1 |       |     1 |       |       ||     2
       Beef jerky        |       |       |       |       |       |     4 |     1 |       ||     5
